 Dungeon Crawl Stone Soup version 0.28.0-53-g5a82cb258f (webtiles) character file.

Game seed: 9784030261587318098

9739 LustLizard the Arsonist (level 11, -1/92 HPs)
             Began as a Hill Orc Fire Elementalist on Aug 10, 2022.
             Was a Believer of Beogh.
             Slain by a killer bee (8 damage)
             ... on level 11 of the Dungeon.
             The game lasted 00:42:59 (15984 turns).

LustLizard the Arsonist (HOFE)                     Turns: 15984, Time: 00:43:00

Health: -1/92      AC:  7    Str: 14    XL:     11   Next: 51%
Magic:  0/18       EV: 11    Int: 23    God:    Beogh [**....]
Gold:   535        SH:  0    Dex: 16    Spells: 11/19 levels left

rFire   . . .      SeeInvis +   O - +1 war axe (elec)
rCold   . . .      Faith    .   (no shield)
rNeg    + . .      Spirit   .   v - +1 leather armour {Will+}
rPois   .          Reflect  .   M - +1 helmet {SInv}
rElec   .          Harm     .   d - scarf {repulsion}
rCorr   .          Rampage  .   B - +0 pair of gloves
Will    +....                   (no boots)
Stlth   ++........              e - macabre finger necklace {rN+}
HPRegen 0.25/turn               s - ring of Bylyroph {Fly Dex+5}
MPRegen 0.16/turn               n - +6 ring of intelligence
                                (no ring)

@: mighty, lethally poisoned (-1 -> -7), flying, repel missiles
A: no striking features
a: Renounce Religion, Smiting


You were on level 11 of the Dungeon.
You worshipped Beogh.
Beogh was pleased with you.
You visited 1 branch of the dungeon, and saw 11 of its levels.

You collected 625 gold pieces.
You spent 90 gold pieces at shops.

Inventory:

Hand Weapons
 c - a +0 dagger
 m - a +2 dagger of protection
 O - a +1 war axe of electrocution (weapon)
Missiles
 C - 23 poisoned darts
Armour
 a - a +0 robe
 d - a scarf of repulsion (worn)
 h - a +0 ring mail
 v - a +1 leather armour of willpower (worn)
 B - a +0 pair of gloves (worn)
 M - a +1 helmet of see invisible (worn)
Magical Staves
 w - a staff of death
Jewellery
 e - the macabre finger necklace (around neck) {rN+}
   (You found it on level 9 of the Dungeon)

   [amulet of nothing]

   It enables you to equip an extra ring.
   rN:        It protects you from negative energy.
 f - a +6 ring of strength
 n - a +6 ring of intelligence (right hand)
 s - the ring of Bylyroph (left hand) {Fly Dex+5}
   (You found it on level 5 of the Dungeon)

   [ring of flight]

   Dex:       It affects your dexterity (+5).
   Fly:       It grants you flight.
 u - a ring of willpower
 z - a ring of ice
 P - an amulet of regeneration
 Q - a ring of ice
Wands
 o - a wand of polymorph (9)
 y - a wand of iceblast (2)
 H - a wand of flame (15)
Scrolls
 k - a scroll of immolation {unknown}
 l - a scroll of enchant armour {unknown}
 p - a scroll of brand weapon {unknown}
 r - a scroll of vulnerability {unknown}
 A - 3 scrolls of enchant weapon {unknown}
 E - a scroll of fog {unknown}
 G - a scroll of silence {unknown}
 I - a scroll of acquirement {unknown}
 L - 3 scrolls of magic mapping
 N - 2 scrolls of amnesia
Potions
 g - a potion of degeneration {unknown}
 i - 2 potions of might
 j - a potion of lignification {unknown}
 q - a potion of curing
 t - 4 potions of flight
 x - a potion of berserk rage {unknown}
 D - 2 potions of attraction
 F - a potion of brilliance {unknown}
 J - a potion of magic {unknown}
 K - 2 potions of mutation {unknown}


   Skills:
 + Level 7.0 Fighting
 * Level 2.8 Staves
 - Level 1.5 Dodging
 - Level 3.0 Stealth
 + Level 4.8 Spellcasting
 * Level 8.6 Conjurations
 + Level 3.0 Necromancy
 * Level 10.1 Fire Magic
 * Level 5.4 Invocations
 - Level 6.8 Evocations


You had 11 spell levels left.
You knew the following spells:

 Your Spells              Type           Power      Damage    Failure   Level
a - Foxfire               Conj/Fire      100%       2x1d9     1%          1
b - Conjure Flame         Conj/Fire      48%        6-21      1%          3
c - Flame Wave            Conj/Fire      48%        2d10      2%          4

Your spell library contained the following spells:

 Spells                   Type           Power      Damage    Failure   Level
 Magic Dart               Conj           100%       1d8       1%          1
 Scorch                   Fire           100%       2d10      1%          2
 Inner Flame              Hex/Fire       28%        N/A       4%          3
 Mephitic Cloud           Conj/Pois/Air  18%        N/A       11%         3
 Call Imp                 Summ           5%         N/A       19%         2
 Gell's Gravitas          Tloc           5%         N/A       36%         3
 Ozocubu's Armour         Ice            5%         N/A       36%         3
 Teleport Other           Tloc           5%         N/A       36%         3
 Metabolic Englaciation   Hex/Ice        2%         N/A       98%         5
 Dispersal                Tloc           2%         N/A       100%        6
 Simulacrum               Ice/Necr       6%         N/A       100%        6
 Borgnjor's Revivificati  Necr           9%         N/A       100%        8
 Necromutation            Tmut/Necr      6%         N/A       100%        8
 Death's Door             Necr           9%         N/A       100%        9


Dungeon Overview and Level Annotations

Branches:
Dungeon (11/15)            Temple (0/1) D:7            Lair (0/6) D:9
    Orc (0/2) D:11

Altars:
Ashenzari
Cheibriados
Dithmenos
Fedhas
Kikubaaqudgha
Nemelex Xobeh
Qazlal
Ru
Sif Muna
Xom
Yredelemnul
Zin
The Shining One

Shops:
D:1 ?   D:11 *

Portals:
Trove: D:11 (give 4 scrolls of blinking)


Message History

* * * LOW HITPOINT WARNING * * *
You hit the gargoyle but do no damage.
The gargoyle is almost destroyed.
The foxfire hits the gargoyle.
You destroy the gargoyle!
Beogh accepts your kill.
You can now smite your foes.
The foxfire hits the killer bee!
The killer bee is heavily wounded.
Your Fighting skill increases to level 7!
Okay, then.
Okay, then.
Okay, then.
Casting: Foxfire (safe; 1% risk of failure)
Confirm with . or Enter, or press ? or * to list all spells.
Okay, then.
Okay, then.
Okay, then.
You feel very mighty all of a sudden. The killer bee closely misses you.
You slice the killer bee!!
You kill the killer bee!
Beogh accepts your kill.
You hit the killer bee but do no damage.
The killer bee closely misses you.
The killer bee stings you but does no damage.
The killer bee stings you.
* * * LOW HITPOINT WARNING * * *
Your Necromancy skill increases to level 3!
You feel better.
The killer bee stings you but does no damage.
The killer bee misses you. The killer bee closely misses you.
The killer bee barely misses you.
Casting: Foxfire (safe; 1% risk of failure)
Confirm with . or Enter, or press ? or * to list all spells.
You conjure some foxfire!
The killer bee stings you.
* * * LOW HITPOINT WARNING * * *
You are poisoned.
The killer bee poisons you! The killer bee barely misses you.
The killer bee misses you. The killer bee stings you!
You die...

...... ......###. ....#....
#..#.##.## ..... ..# #..# ...
#...# #yy###.# #...# #v@v.#.#
#.>.#######.##.#.######
#........##.##........####
#####....###..).......##.....#
.............##........#.....#
.......>.>......#...#........#
.............##.#...#.##.....#
###.......##.##.#...#.##.....#
#......∩................####


You could see 2 killer bees.

Vanquished Creatures
  Snorg (D:10)
  A centaur warrior (D:10)
  Pikel (D:7)
  Joseph (D:7)
  A gargoyle (D:11)
  A troll (D:10)
  2 wraiths
  5 yaks
  Eustachio (D:6)
  An acid dragon (D:11)
  2 water moccasins (D:6)
  3 ice beasts
  3 black bears
  A hornet zombie (D:9)
  5 orc warriors
  A sky beast (D:6)
  4 ogres
  7 centaurs
  4 lemures (D:7)
  2 kobold brigands
  7 bullfrogs
  Blork the orc (D:4)
  2 gnoll sergeants
  4 scorpions
  A water moccasin skeleton (D:6)
  5 killer bees
  5 wights
  4 howler monkeys
  6 centaur zombies
  Crazy Yiuf (D:7)
  A hound (D:6)
  A jelly (D:5)
  5 orc priests
  A centaur skeleton (D:5)
  4 iguanas
  8 orc wizards
  A scorpion zombie (D:5)
  A killer bee zombie (D:7)
  14 gnolls
  5 adders
  A white imp (D:6)
  An adder skeleton (D:4)
  4 worms
  3 dart slugs
  37 orcs
  6 ball pythons
  3 bats
  3 endoplasms
  A giant cockroach (D:1)
  5 goblins
  5 hobgoblins
  15 kobolds
  5 quokkas
  6 frilled lizards
  3 rats
  A spectral orc (D:8)
223 creatures vanquished.

Vanquished Creatures (collateral kills)
  8 foxfires
8 creatures vanquished.

Vanquished Creatures (others)
  A bullfrog (D:8)
  A howler monkey (D:8)
  An orc priest (D:8)
  A kobold (D:8)
  1226 foxfires
  37 fungi (D:9)
  42 plants
1309 creatures vanquished.

Grand Total: 1540 creatures vanquished

Notes
Turn   | Place    | Note
-------+----------+-------------------------------------------
     0 | D:1      | LustLizard the Hill Orc Fire Elementalist began the quest
                  | for the Orb.
     0 | D:1      | Reached XP level 1. HP: 14/14 MP: 3/3
   231 | D:1      | Reached XP level 2. HP: 22/22 MP: 0/4
   524 | D:1      | Found Tuoqul's Magic Scroll Shop.
  1469 | D:2      | Reached XP level 3. HP: 27/27 MP: 0/5
  1751 | D:2      | Reached skill level 1 in Fighting
  2084 | D:2      | Found a faded altar of an unknown god.
  2228 | D:1      | Bought a scroll of fear for 45 gold pieces
  2539 | D:3      | Reached XP level 4. HP: 35/35 MP: 4/7
  2579 | D:3      | Reached skill level 4 in Fire Magic
  2606 | D:3      | Noticed a centaur
  2644 | D:3      | Killed a centaur
  2645 | D:3      | Reached XP level 5. HP: 4/41 MP: 0/8
  3255 | D:3      | Found a sparkling altar of Nemelex Xobeh.
  3716 | D:4      | Noticed Blork the orc
  3953 | D:4      | Reached XP level 6. HP: 38/48 MP: 0/9
  4039 | D:4      | Learned a level 3 spell: Conjure Flame
  4218 | D:4      | Reached skill level 5 in Fire Magic
  4678 | D:4      | Killed Blork the orc
  4812 | D:4      | Reached skill level 1 in Evocations
  4812 | D:4      | Reached XP level 7. HP: 30/56 MP: 4/10
  5204 | D:5      | Entered Level 5 of the Dungeon
  6248 | D:5      | Reached XP level 8. HP: 47/63 MP: 2/12
  6314 | D:5      | Reached skill level 6 in Fire Magic
  6549 | D:5      | Identified the ring of Bylyroph {Fly Dex+5}
  6882 | D:6      | Reached skill level 5 in Conjurations
  6947 | D:6      | Noticed Eustachio
  7325 | D:6      | Killed Eustachio
  7556 | D:6      | Reached skill level 7 in Fire Magic
  7556 | D:6      | Reached XP level 9. HP: 55/72 MP: 8/14
  8159 | D:7      | Noticed Pikel
  8266 | D:7      | Killed Pikel
  8267 | D:7      | Reached skill level 5 in Fighting
  8267 | D:7      | Reached skill level 5 in Evocations
  8443 | D:7      | Found a shimmering blue altar of Sif Muna.
  8539 | D:7      | Reached skill level 8 in Fire Magic
  8720 | D:7      | Noticed Joseph
  8762 | D:7      | Found a staircase to the Ecumenical Temple.
  8955 | D:7      | Found a runed translucent door.
  8956 | D:7      | Noticed Crazy Yiuf
  8973 | D:7      | Killed Crazy Yiuf
  9160 | D:7      | Killed Joseph
  9161 | D:7      | Reached XP level 10. HP: 38/82 MP: 4/16
  9364 | D:7      | Found a shimmering altar of Xom.
  9365 | D:7      | Found a sacrificial altar of Ru.
  9367 | D:7      | Found a broken altar of Ashenzari.
  9370 | D:7      | Found a shadowy altar of Dithmenos.
  9371 | D:7      | Found a snail-covered altar of Cheibriados.
  9371 | D:7      | Found a glowing silver altar of Zin.
  9373 | D:7      | Found a stormy altar of Qazlal.
  9374 | D:7      | Found a blossoming altar of Fedhas.
  9740 | D:8      | Became a worshipper of Beogh the Brigand
 10662 | D:8      | Found a basalt altar of Yredelemnul.
 10896 | D:8      | Learned a level 4 spell: Flame Wave
 10983 | D:9      | Reached skill level 1 in Invocations
 11160 | D:9      | Reached skill level 9 in Fire Magic
 11465 | D:9      | Found a staircase to the Lair.
 11624 | D:9      | Reached skill level 1 in Necromancy
 11746 | D:9      | You are sucked into a shaft and drop 2 floors!
 11777 | D:10     | Entered Level 10 of the Dungeon
 12029 | D:10     | Reached * piety under Beogh
 12172 | D:10     | Noticed a centaur warrior
 12800 | D:9      | Found the macabre finger necklace {rN+}
 12979 | D:9      | Found a glowing golden altar of the Shining One.
 13358 | D:10     | Identified the +2 spear "Lico" {antimagic, *Noise rPois
                  | rC+++ Dex-5}
 13616 | D:10     | Noticed Snorg
 13630 | D:10     | Killed Snorg
 13631 | D:10     | Reached skill level 1 in Staves
 13631 | D:10     | Reached XP level 11. HP: 25/91 MP: 9/17
 13867 | D:10     | Killed a centaur warrior
 14592 | D:11     | Found Gatz's General Store.
 14594 | D:11     | Found a staircase to the Orcish Mines.
 14815 | D:11     | Found a portal to a secret trove of treasure.
 14836 | D:11     | Bought a scroll of magic mapping for 45 gold pieces
 15054 | D:11     | Reached skill level 5 in Invocations
 15392 | D:11     | Found an ancient bone altar of Kikubaaqudgha.
 15553 | D:11     | Reached skill level 10 in Fire Magic
 15980 | D:11     | Reached ** piety under Beogh
 15982 | D:11     | HP: 1/92 [killer bee (6)]
 15984 | D:11     | Slain by a killer bee

Illustrated notes

Levels and vault maps discovered:
D:1:      giann_wishing_wells, layout_loops_corners, serial_shops, shop
D:2:      layout_basic, shapermc_ecumenical_altar_mp_vishouse
D:3:      layout_loops_ring, mainiacjoe_overflow_alcove_2, minmay_between
D:4:      layout_basic, uniq_blork_the_orc
D:5:      nicolae_cairo_tiling_very_big, layout_basic
D:6:      layout_rooms, uniq_eustachio
D:7:      layout_rooms, minitemple, nicolae_sif_muna_condensation,
          minmay_temple_entry_overgrown, uniq_crazy_yiuf_cottage, uniq_joseph,
          uniq_pikel
D:8:      layout_basic, yredelemnul_forgotten_temple_becter
D:9:      layout_irregular_city, mainiacjoe_overflow_six_doors_small,
          due_lair_maze_entry_diamond, st_stairs_7
D:10:     layout_rooms, serial_bayou_pond_e, small_statue_alley_a, uniq_snorg
D:11:     layout_loops_cross, orc_0_dummy, serial_shops, shop, enter_trove_1,
          kiku_gazebo_pond_becter, uniq_harold

Skill      XL: |  1  2  3  4  5  6  7  8  9 10 11 |
---------------+----------------------------------+-----
Fighting       | 1 2 3 4 5 6 7 |  7.0
Spellcasting   | 2 3 4 |  4.8
Conjurations   | 2 3 4 5 7 8 |  8.6
Fire Magic     | 4 5 7 8 9 10 | 10.1
Stealth        | 2 3 |  3.0
Evocations     | 1 2 4 5 6 |  6.8
Invocations    | 4 5 |  5.4
Necromancy     | 2 3 |  3.0
Staves         | 1 2 |  2.8
Dodging        | |  1.5

Action                   |  1- 3 |  4- 6 |  7- 9 | 10-12 || total
-------------------------+-------+-------+-------+-------++-------
Melee: Unarmed           |    12 |       |       |       ||    12
       Dagger            |    26 |    75 |    49 |    64 ||   214
       Punch             |     1 |       |       |     3 ||     4
       War axe           |       |       |       |    42 ||    42
 Cast: Foxfire           |    60 |    71 |   210 |   347 ||   688
       Conjure Flame     |       |       |     8 |     2 ||    10
       Flame Wave        |       |       |       |     6 ||     6
Invok: Convert to Beogh  |       |       |       |     1 ||     1
  Use: Scroll            |       |     2 |     4 |    11 ||    17
       Potion            |       |       |       |     9 ||     9
Armor: Robe              |     6 |       |       |       ||     6
       Ring mail         |     2 |    50 |    41 |    73 ||   166
       Leather armour    |       |       |       |    37 ||    37
Dodge: Dodged            |    29 |    46 |    59 |   179 ||   313
       Repelled          |       |       |     1 |     2 ||     3
